 Dungeon Crawl Stone Soup version 0.24.0-41-g2ae2f7f1be (webtiles) character file.

Game seed: 5092573860513935944, levelgen mode: deterministic

688 Iamsoldier the Poker (level 7, -5/55 HPs)
             Began as a Demonspawn Fighter on Dec 12, 2019.
             Slain by an orc warrior
             ... wielding a +0 glaive
              (7 damage)
             ... on level 6 of the Dungeon.
             The game lasted 00:06:47 (5654 turns).

Iamsoldier the Poker (Demonspawn Fighter)           Turns: 5654, Time: 00:06:48

Health: -5/55      AC: 16    Str: 23    XL:     7   Next: 36%
Magic:  0/7        EV:  6    Int:  9    God:
Gold:   339        SH: 10    Dex: 13    Spells: 6/6 levels left

rFire    . . .     SeeInvis .   a - +0 trident
rCold    + . .     Gourm    .   c - +0 shield
rNeg     . . .     Faith    .   e - +0 plate armour
rPois    .         Spirit   +   (no helmet)
rElec    .         Reflect  .   z - +2 cloak
rCorr    .         Harm     .   b - +0 pair of gloves
MR       .....                  (no boots)
Stlth    ..........             (no amulet)
HPRegen  0.18/turn              A - ring of protection from cold
MPRegen  0.10/turn              x - ring of flight

@: mighty
A: talons 1, repulsion field 1, magic shield, rot immunity
a: Evoke Flight


You were on level 6 of the Dungeon.
You were not hungry.

You visited 1 branch of the dungeon, and saw 6 of its levels.

You collected 339 gold pieces.

Inventory:

Hand Weapons
 a - a +0 trident (weapon)
Armour
 b - a +0 pair of gloves (worn)
 c - a +0 shield (worn)
 e - a +0 plate armour (worn)
 z - a +2 cloak (worn)
Jewellery
 x - a ring of flight (right hand)
 A - a ring of protection from cold (left hand)
Wands
 y - a wand of digging (8)
Scrolls
 h - 4 scrolls of remove curse
 j - 3 scrolls of magic mapping {unknown}
 k - 2 scrolls of fog {unknown}
 m - a scroll of blinking {unknown}
 n - a scroll of teleportation {unknown}
 p - 2 scrolls of amnesia {unknown}
 q - 3 scrolls of immolation {unknown}
 r - 5 scrolls of identify
 t - a scroll of enchant armour {unknown}
Potions
 f - 7 potions of might
 g - a potion of brilliance {unknown}
 i - a potion of cancellation
 l - a potion of lignification {unknown}
 o - 2 potions of heal wounds {unknown}
 s - a potion of invisibility
 u - a potion of flight {unknown}
 v - a potion of haste {unknown}
 w - 3 potions of curing {unknown}
Comestibles
 d - 8 rations


   Skills:
 + Level 4.7 Fighting
 * Level 4.9 Polearms
 + Level 4.2 Armour
 + Level 4.2 Shields


You had 6 spell levels left.
You didn't know any spells.
Your spell library was empty.

Dungeon Overview and Level Annotations

Branches:
Dungeon (6/15)
 Temple: D:4-7

Altars:
Sif Muna
Xom

Annotations:
D:5 3 runed translucent doors, deaden27's ghost, amateur HOBe


Innate Abilities, Weirdness & Mutations

You have sharp toenails.
You are surrounded by a mild repulsion field. (EV +2)
When hurt, damage is shared between your health and your magic reserves.
You are immune to rotting.


Message History

You miss something. You claw something. You hit something.
Something hits you but does no damage.
You closely miss something. Something hits you!
You miss something. Something hits you.
You hit something but do no damage. Your kick misses something.
You block something's attack.
You barely miss something. Your kick misses something. Something hits you!
You hit something but do no damage. Something hits you.
Your plate armour prevents you from hitting something.
Your kick misses something. You closely miss something.
Your kick misses something. Something hits you.
You feel very mighty all of a sudden. Something hits you but does no damage.
You completely miss something. You block something's attack.
You puncture something! Something hits you!!
* * * LOW HITPOINT WARNING * * *
You miss something. Something hits you.
* * * LOW HITPOINT WARNING * * *
You miss something. Your kick misses something. Something hits you!
You die...

##.## ####...#### #. ##.#.##
#...(.....# #.
##.###.####.#.......# ##
#.## ##.............#######
##.###.######...........รท.#
#..#.##.....[...########.#
#.#.###.####....# #.#
#.#.###.# #{#### #.####
#....##.# #@###########.....
##.###.#.##
#).............### #.##
##...###.###########.## #.#
#.......# #.#### #.##
##...###.# #.....
##.###.#.## #.# ######
##...##.# #.# ##.###.####.#
#.# #...##.#


There were no monsters in sight!

Vanquished Creatures
  A phantom (D:4)
  A sky beast (D:6)
  2 bullfrogs
  A crimson imp (D:6)
  A bullfrog zombie (D:5)
  A hound (D:6)
  3 worker ants
  10 adders
  A shadow imp (D:6)
  An ooze (D:1)
  2 worms
  3 dart slugs
  3 leopard geckos (D:3)
  9 orcs
  3 giant cockroaches
  10 goblins
  12 hobgoblins
  3 jackals (D:2)
  3 quokkas
  7 bats
  5 frilled lizards
  5 kobolds
  11 rats
98 creatures vanquished.

Notes
Turn   | Place    | Note
-------+----------+-------------------------------------------
     0 | D:1      | Iamsoldier the Demonspawn Fighter began the quest for the
                  | Orb.
     0 | D:1      | Reached XP level 1. HP: 18/18 MP: 1/1
   286 | D:1      | Gained mutation: You are surrounded by a mild repulsion
                  | field. (EV +2) [demonic ancestry]
   286 | D:1      | Reached XP level 2. HP: 24/24 MP: 2/2
   882 | D:1      | Gained mutation: You are immune to rotting. [demonic
                  | ancestry]
   882 | D:1      | Reached XP level 3. HP: 29/29 MP: 3/3
  1505 | D:2      | Found a shimmering blue altar of Sif Muna.
  1756 | D:2      | Reached XP level 4. HP: 35/35 MP: 4/4
  3071 | D:3      | Gained mutation: You have sharp toenails. [demonic
                  | ancestry]
  3071 | D:3      | Reached XP level 5. HP: 42/42 MP: 5/5
  3313 | D:3      | Found a shimmering altar of Xom.
  3315 | D:3      | Found an ornate altar of the Wu Jian Council.
  3315 | D:3      | Found a glowing silver altar of Zin.
  3317 | D:3      | Found a burning altar of Makhleb.
  3317 | D:3      | Found a sparkling altar of Nemelex Xobeh.
  3317 | D:3      | Found a shimmering altar of Xom.
  3514 | D:4      | Noticed a phantom
  3571 | D:4      | Killed a phantom
  3571 | D:4      | Gained mutation: When hurt, damage is shared between your
                  | health and your magic reserves. [demonic ancestry]
  3571 | D:4      | Reached XP level 6. HP: 48/48 MP: 6/6
  4051 | D:5      | Entered Level 5 of the Dungeon
  4472 | D:5      | Found a runed translucent gate.
  4472 | D:5      | Found a runed translucent gate.
  4472 | D:5      | Found a runed translucent gate.
  4472 | D:5      | Noticed deaden27's ghost (amateur HOBe)
  4956 | D:6      | Noticed a sky beast
  4974 | D:6      | Killed a sky beast
  4974 | D:6      | Reached XP level 7. HP: 25/55 MP: 3/7
  5653 | D:6      | HP: 2/55 [something (1)]
  5654 | D:6      | Slain by an orc warrior

Levels and vault maps discovered:
D:1:      lemuel_arrival_room, layout_loops_corners
D:2:      layout_basic, nicolae_overflow_crystal_walls
D:3:      layout_loops_ring, first_ration, doesnt_xom_only_xom
D:4:      layout_basic
D:5:      cheibrodos_quashed, layout_cave_pods, gammafunk_ghost_nasty_kobolds,
          nicolae_underground_beach
D:6:      layout_loops_ring, grunt_ministairs_15

Skill      XL: |  1  2  3  4  5  6 |
---------------+-------------------+-----
Polearms       | 2 3 4 |  4.9
Armour         | 3 4 |  4.2
Shields        | 3 4 |  4.2
Fighting       | 4 |  4.7

Action                   |  1- 3 |  4- 6 |  7- 9 || total
-------------------------+-------+-------+-------++-------
Melee: Trident           |   194 |   292 |    78 ||   564
       Kick              |       |    30 |    15 ||    45
  Use: Scroll            |       |     2 |       ||     2
       Potion            |       |       |     1 ||     1
 Stab: Distracted        |       |     1 |       ||     1
  Eat: Chunk             |     3 |     9 |     1 ||    13
       Ration            |       |       |     1 ||     1
Armor: Plate armour      |   100 |   147 |    24 ||   271
       Scale mail        |     1 |       |       ||     1
Dodge: Dodged            |    30 |    40 |    13 ||    83
Block: Shield            |    65 |   100 |    24 ||   189
